 Dungeon Crawl Stone Soup version 0.21.0-24-g2553a33 (webtiles) character file.

6489 tilp the Destroyer (level 10, -6/84 HPs)
             Began as a Red Draconian Conjurer on Jan 19, 2018.
             Was a Priest of Vehumet.
             Mangled by a red ugly thing (22 damage)
             ... on level 11 of the Dungeon.
             The game lasted 00:33:45 (13337 turns).

tilp the Destroyer (Red Draconian Conjurer)        Turns: 13337, Time: 00:33:46

Health: -6/84      AC: 11    Str: 15    XL:     10   Next: 68%
Magic:  22/22      EV: 14    Int: 18    God:    Vehumet [***...]
Gold:   520        SH:  0    Dex: 12    Spells: 10/25 levels left

rFire    . . .     SeeInvis .   d - +2 war axe "Vupulon" {freeze, rPois rF- rC++ Str+2} (curse)
rCold    + + .     Gourm    .   (no shield)
rNeg     . . .     Faith    .   (armour unavailable)
rPois    +         Spirit   .   (helmet restricted)
rElec    .         Reflect  .   (no cloak)
rCorr    .         Harm     .   h - +2 pair of gloves
MR       .....                  c - +0 pair of boots
Stlth    ++........             H - amulet of magic regeneration
HPRegen  0.24/turn              A - +2 ring of strength
MPRegen  0.43/turn              (no ring)

@: no status effects
A: breathe fire, unfitting armour, fire resistance 1, cold-blooded, AC +7
a: Breathe Fire, Renounce Religion


You were on level 11 of the Dungeon.
You worshipped Vehumet.
Vehumet was most pleased with you.
You were not hungry.

You visited 2 branches of the dungeon, and saw 12 of its levels.
You also visited: Ossuary.

You collected 520 gold pieces.

Inventory:

Hand Weapons
 d - the cursed +2 war axe "Vupulon" (weapon) {freeze, rPois rF- rC++ Str+2}
   (You found it on level 8 of the Dungeon)

   It has been specially enchanted to freeze those struck by it, causing extra
   injury to most foes and up to half again as much damage against particularly
   susceptible opponents.
   It can also slow down cold-blooded creatures.
   It affects your strength (+2).
   It makes you vulnerable to fire.
   It greatly protects you from cold.
   It protects you from poison.
   It has a curse placed upon it.
 j - a +1 scimitar
 k - a +2 short sword of venom
 q - a +2 dire flail
 s - a +2 quarterstaff of holy wrath
 E - a +2 great sword
 G - a +2 dire flail
Missiles
 g - 12 tomahawks
 B - a javelin (quivered)
Armour
 c - a +0 pair of boots (worn)
 h - a +2 pair of gloves (worn)
Magical Staves
 L - a cursed staff of fire {unknown}
Jewellery
 m - an uncursed amulet of guardian spirit
 A - a +2 ring of strength (left hand)
 H - an amulet of magic regeneration (around neck)
Wands
 u - a wand of digging (8)
 w - a wand of acid (11)
 x - a wand of polymorph (16)
Scrolls
 e - 6 scrolls of remove curse
 l - 4 scrolls of immolation
 n - a scroll of amnesia {unknown}
 o - 9 scrolls of teleportation
 p - 4 scrolls of fear
 t - 2 scrolls of blinking
 y - a scroll of enchant armour {unknown}
 D - 2 scrolls of enchant weapon {unknown}
 I - a scroll of random uselessness {unknown}
 K - a scroll of fog {unknown}
 P - a scroll of acquirement {unknown}
Potions
 f - 2 potions of heal wounds {unknown}
 i - 6 potions of curing
 r - 2 potions of invisibility {unknown}
 v - 2 potions of magic {unknown}
 F - 4 potions of haste {unknown}
 J - a potion of brilliance {unknown}
 M - a potion of ambrosia {unknown}
 O - a potion of cancellation {unknown}
Books
 a - a book of Conjurations

   Spells                             Type                      Level
   a - Magic Dart                     Conjuration                  1
   b - Searing Ray                    Conjuration                  2
   c - Dazzling Spray                 Conjuration/Hexes            3
   d - Fulminant Prism                Conjuration/Hexes            4
   e - Force Lance                    Conjuration/Translocation    4
   f - Iskenderun's Mystic Blast      Conjuration                  4
 z - a book of Flames

   Spells                             Type                      Level
   a - Flame Tongue                   Conjuration/Fire             1
   b - Throw Flame                    Conjuration/Fire             2
   c - Conjure Flame                  Conjuration/Fire             3
   d - Inner Flame                    Hexes/Fire                   3
   e - Sticky Flame                   Conjuration/Fire             4
   f - Fireball                       Conjuration/Fire             5
 C - a book of Necromancy

   Spells                             Type                      Level
   a - Pain                           Necromancy                   1
   b - Animate Skeleton               Necromancy                   1
   c - Vampiric Draining              Necromancy                   3
   d - Regeneration                   Charms/Necromancy            3
   e - Animate Dead                   Necromancy                   4
   f - Borgnjor's Vile Clutch         Necromancy/Earth             5
Comestibles
 b - 21 rations


   Skills:
 - Level 6.4 Fighting
 + Level 3.6 Axes
 - Level 5.3 Dodging
 - Level 4.2 Stealth
 - Level 8.0 Spellcasting
 - Level 10.0 Conjurations
 + Level 4.4 Fire Magic


You had 10 spell levels left.
You knew the following spells:

 Your Spells              Type           Power        Failure   Level  Hunger
a - Magic Dart            Conj           ####         1%          1    None
b - Searing Ray           Conj           #####.       1%          2    None
c - Freeze                Ice            #...         2%          1    None
d - Iskenderun's Mystic   Conj           #####...     1%          4    ###....
e - Conjure Flame         Conj/Fire      ####....     1%          3    #......
f - Sticky Flame          Conj/Fire      ####....     1%          4    ###....


Dungeon Overview and Level Annotations

Branches:
Dungeon (11/15)            Temple (1/1) D:4             Orc (0/2) D:10
   Lair: D:8-11

Altars:
Ashenzari
Cheibriados
Dithmenos
Elyvilon
Fedhas
Gozag
Hepliaklqana
Kikubaaqudgha
Makhleb
Nemelex Xobeh
Okawaru
Qazlal
Ru
Sif Muna
Trog
Uskayaw
Vehumet
Wu Jian
Xom
Yredelemnul
Zin
The Shining One

Annotations:
D:9 invisible stalker in bottom left
D:10 Baril's ghost, novice GrEE


Innate Abilities, Weirdness & Mutations

You can breathe blasts of fire.
Your fiery red scales are hard. (AC +7)
You cannot fit into any form of body armour.
Your flesh is heat resistant. (rF+)
You are cold-blooded and may be slowed by cold attacks.


Message History

The red ugly thing kicks you.
You are engulfed in flames!
The orc warrior closely misses you.
The water moccasin bites you but does no damage.
The orc warrior hits you but does no damage.
The water moccasin bites you but does no damage.
An orc comes into view.
It is wielding a mace. 2 orcs come into view.
An orc is wielding a whip of venom.
The orc shouts! x2; You hear a shout!
The water moccasin is no longer moving slowly.
The orc warrior hits you with a flail!
* * * LOW HITPOINT WARNING * * *
The orc shouts!
You closely miss the orc.
You tail-slap the orc, but do no damage.
You hit the red ugly thing but do no damage.
You closely miss the orc warrior. The orc closely misses you.
The orc warrior closely misses you. The red ugly thing kicks you.
* * * LOW HITPOINT WARNING * * *
You are engulfed in flames!!
You die...

#............
#..........#
#..........#
#........$.#
#..........#
#.....<....#
#..........#
#...uoS....#
####@#######
#.oo.#
####..# o# #


You could see a red ugly thing, an orc warrior, a water moccasin and 3 orcs.

Vanquished Creatures
  Pikel (D:7)
  A troll (D:10)
  A hornet (D:8)
  A hippogriff (D:10)
  A spriggan (D:7)
  Eustachio (D:6)
  The ghost of p0werm0de the Skirmisher, an amateur DsFi (D:4)
  2 hungry ghosts
  A warg (D:10)
  3 orc warriors
  3 sky beasts
  A slave (D:7)
  2 black bears
  A phantom (D:7)
  An eye of draining (D:9)
  2 centaurs
  2 crocodiles
  4 ogres
  A gnoll sergeant (D:9)
  7 bullfrogs
  A wyvern zombie (D:9)
  A water moccasin zombie (Ossuary)
  5 scorpions
  5 killer bees
  10 wights
  4 crimson imps
  3 howler monkeys (D:8)
  A bullfrog zombie (D:8)
  A quasit (D:5)
  2 bullfrog skeletons
  A jelly (D:8)
  6 hounds
  6 orc priests
  7 orc wizards
  A centaur skeleton (D:4)
  3 iguanas
  8 worker ants
  2 big kobold zombies (Ossuary)
  A hound zombie (D:8)
  2 mummies (Ossuary)
  A worker ant zombie (D:9)
  Robin (D:4)
  3 gnolls (D:9)
  A howler monkey skeleton (D:8)
  8 adders
  2 shadow imps
  An ooze (D:2)
  3 adder zombies (Ossuary)
  5 worms
  A dart slug (D:1)
  10 leopard geckos
  31 orcs
  9 bats
  8 giant cockroaches
  A gnoll zombie (Ossuary)
  10 goblins
  13 hobgoblins
  8 jackals
  12 kobolds
  2 quokkas
  5 ball pythons
  5 frilled lizards
  6 hobgoblin zombies
  4 kobold zombies (Ossuary)
  A leopard gecko skeleton (D:8)
  6 orc zombies (Ossuary)
  A quokka skeleton (D:8)
  7 rats (D:1)
272 creatures vanquished.

Vanquished Creatures (others)
  A slave (D:7)
  A bullfrog (D:7)
  A killer bee (D:7)
3 creatures vanquished.

Grand Total: 275 creatures vanquished

Notes
Turn   | Place    | Note
-------+----------+-------------------------------------------
     0 | D:1      | tilp the Draconian Conjurer began the quest for the Orb.
     0 | D:1      | Reached XP level 1. HP: 14/14 MP: 3/3
   295 | D:1      | Reached XP level 2. HP: 12/20 MP: 3/5
   713 | D:1      | Reached skill level 5 in Conjurations
   717 | D:1      | Learned a level 2 spell: Searing Ray
   737 | D:1      | Reached XP level 3. HP: 26/26 MP: 1/6
  2018 | D:2      | Reached XP level 4. HP: 33/33 MP: 2/7
  2348 | D:2      | Reached skill level 6 in Conjurations
  2833 | D:3      | Reached XP level 5. HP: 38/38 MP: 4/8
  3555 | D:4      | Found a white marble altar of Elyvilon.
  3746 | D:4      | Reached skill level 7 in Conjurations
  3855 | D:4      | Reached XP level 6. HP: 35/45 MP: 9/9
  3883 | D:4      | Noticed Robin
  3891 | D:4      | Killed Robin
  4027 | D:4      | Noticed p0werm0de's ghost (amateur DsFi)
  4040 | D:4      | Killed p0werm0de's ghost
  4040 | D:4      | Reached skill level 8 in Conjurations
  4153 | D:4      | Reached skill level 1 in Fighting
  4161 | D:4      | Your scales start taking on a fiery red colour.
  4161 | D:4      | Reached XP level 7. HP: 55/55 MP: 1/10
  4161 | D:4      | Gained mutation: Your flesh is heat resistant. (rF+) [Red Draconian growth]
  4260 | D:4      | Found a staircase to the Ecumenical Temple.
  4270 | Temple   | Entered the Ecumenical Temple
  4356 | Temple   | Became a worshipper of Vehumet
  4699 | D:4      | Found a basalt altar of Yredelemnul.
  4773 | D:5      | Entered Level 5 of the Dungeon
  4860 | D:5      | Found a sand-covered staircase.
  5078 | Ossuary  | Entered an ossuary
  5144 | Ossuary  | Reached skill level 5 in Fighting
  5508 | Ossuary  | Reached * piety under Vehumet
  5508 | Ossuary  | Offered knowledge of Freeze by Vehumet.
  5511 | Ossuary  | Learned a level 1 spell: Freeze
  5517 | Ossuary  | Learned a level 4 spell: Iskenderun's Mystic Blast
  5764 | D:5      | Reached XP level 8. HP: 71/71 MP: 7/11
  6446 | D:6      | Reached skill level 5 in Spellcasting
  6775 | D:6      | Found a blossoming altar of Fedhas.
  6776 | D:6      | Found a stormy altar of Qazlal.
  6841 | D:6      | Found a shimmering altar of Xom.
  6857 | D:6      | Reached XP level 9. HP: 58/78 MP: 11/18
  6926 | D:6      | Reached ** piety under Vehumet
  6926 | D:6      | Offered knowledge of Shock by Vehumet.
  7265 | D:6      | Noticed Eustachio
  7281 | D:6      | Killed Eustachio
  7408 | D:6      | Found a burning altar of Makhleb.
  7573 | D:7      | Noticed Pikel
  7585 | D:7      | Killed Pikel
  7585 | D:7      | Reached skill level 5 in Dodging
  8043 | D:7      | Found a bloodstained altar of Trog.
  8043 | D:7      | Found an ornate altar of the Wu Jian Council.
  8114 | D:7      | Offered knowledge of Static Discharge by Vehumet.
  8125 | D:7      | Reached skill level 9 in Conjurations
  8202 | D:7      | Learned a level 3 spell: Conjure Flame
  8207 | D:7      | Learned a level 4 spell: Sticky Flame
  8367 | D:7      | Found a shattered altar of Ashenzari.
  8367 | D:7      | Found an iron altar of Okawaru.
  8770 | D:8      | Found a shadowy altar of Dithmenos.
  8771 | D:8      | Got a translucent war axe
  8782 | D:8      | Reached XP level 10. HP: 78/84 MP: 20/20
  9380 | D:8      | Identified the cursed +2 war axe "Vupulon" {freeze, rPois rF- rC++ Str+2} (You found it on level 8 of the Dungeon)
 10438 | D:9      | Reached skill level 10 in Conjurations
 10560 | D:9      | Reached skill level 1 in Fire Magic
 10721 | D:10     | Entered Level 10 of the Dungeon
 10721 | D:10     | Noticed Baril's ghost (novice GrEE)
 10755 | D:10     | Reached *** piety under Vehumet
 10759 | D:10     | Reached skill level 1 in Axes
 11751 | D:10     | Found a staircase to the Orcish Mines.
 11778 | D:10     | Offered knowledge of Ignite Poison by Vehumet.
 12962 | D:11     | Noticed a fire dragon
 13326 | D:11     | Noticed a red ugly thing
 13337 | D:11     | Mangled by a red ugly thing

Skill      XL: |  1  2  3  4  5  6  7  8  9 10 |
---------------+-------------------------------+-----
Conjurations   | 5 6 7 8 9 10 | 10.0
Fighting       | 2 6 |  6.4
Spellcasting   | 6 7 8 |  8.0
Dodging        | 2 5 |  5.3
Stealth        | 3 4 |  4.2
Fire Magic     | 4 |  4.4
Axes           | 3 |  3.6

Action                   |  1- 3 |  4- 6 |  7- 9 | 10-12 || total
-------------------------+-------+-------+-------+-------++-------
Melee: Dagger            |    32 |       |       |       ||    32
       Tailslap          |     8 |     6 |    20 |    21 ||    55
       Short sword       |    69 |    76 |   114 |       ||   259
       Scimitar          |       |       |    72 |    34 ||   106
       War axe           |       |       |       |   143 ||   143
Throw: Tomahawk          |       |    11 |     3 |       ||    14
       Javelin           |       |     4 |    12 |     1 ||    17
 Cast: Magic Dart        |    30 |     5 |     2 |     3 ||    40
       Searing Ray       |     2 |    16 |    59 |    21 ||    98
       Iskenderun's Myst |       |       |     1 |       ||     1
       Freeze            |       |       |     1 |       ||     1
 Abil: Breathe Fire      |       |       |     5 |     6 ||    11
  Use: Scroll            |       |       |     9 |     5 ||    14
       Potion            |       |       |       |     5 ||     5
 Stab: Sleeping          |     4 |     3 |     3 |     7 ||    17
       Distracted        |       |       |     1 |       ||     1
  Eat: Chunk             |     4 |     8 |    10 |    11 ||    33
       Ration            |       |       |     2 |     2 ||     4
Armor: Skin              |    27 |    26 |    81 |   104 ||   238
Dodge: Dodged            |    64 |    63 |   167 |   171 ||   465
       Rpst.: Scimitar   |       |       |    33 |     9 ||    42
